 Dungeon Crawl Stone Soup version 0.28.0-53-g5a82cb258f (webtiles) character file.

Game seed: 15561138730715915992

15 Ethylacetat the Firebug (level 2, -13/22 HPs)
             Began as a Naga Fire Elementalist on Aug 11, 2022.
             Engulfed by a cloud of flame (35 damage)
             ... on level 1 of the Dungeon.
             The game lasted 00:01:30 (996 turns).

Ethylacetat the Firebug (Naga Fire Elementalist)     Turns: 996, Time: 00:01:30

Health: -13/22     AC:  1    Str: 10    XL:     2   Next: 50%
Magic:  5/5        EV:  9    Int: 15    God:
Gold:   93         SH:  0    Dex: 11    Spells: 4/5 levels left

rFire   . . .      SeeInvis +   (no weapon)
rCold   . . .      Faith    .   (no shield)
rNeg    . . .      Spirit   .   a - +0 robe
rPois   +          Reflect  .   (no helmet)
rElec   .          Harm     .   (no cloak)
rCorr   .          Rampage  .   (no gloves)
Will    .....                   (no barding)
Stlth   ++........              (no amulet)
HPRegen 0.07/turn               (no ring)
MPRegen 0.09/turn               (no ring)

@: very slow
A: AC +0, large, see invisible, deformed body, poison resistance, slowness 2,
spit poison 1, naga tail 1
a: Spit Poison


You were on level 1 of the Dungeon.
You visited 1 branch of the dungeon, and saw 1 of its levels.

You collected 93 gold pieces.

Inventory:

Armour
 a - a +0 robe (worn)
Scrolls
 b - a scroll of identify {unknown}
 c - a scroll of silence {unknown}


   Skills:
 - Level 1.5 Dodging
 - Level 3.1 Stealth
 + Level 2.1 Spellcasting
 * Level 1.2 Conjurations
 * Level 3.5 Fire Magic


You had 4 spell levels left.
You knew the following spells:

 Your Spells              Type           Power      Damage    Failure   Level
a - Foxfire               Conj/Fire      32%        2x1d5     9%          1

Your spell library contained the following spells:

 Spells                   Type           Power      Damage    Failure   Level
 Scorch                   Fire           24%        2d6       8%          2
 Conjure Flame            Conj/Fire      8%         6-21      24%         3
 Inner Flame              Hex/Fire       6%         N/A       32%         3
 Flame Wave               Conj/Fire      8%         2d5       63%         4


Dungeon Overview and Level Annotations

Branches:
Dungeon (1/15)

Altars:

Shops:
D:1 *


Innate Abilities, Weirdness & Mutations

Your serpentine skin is tough. (AC +0)
You have supernaturally acute eyesight. (SInv)
Armour fits poorly on your strangely shaped body.
Your system is resistant to poisons. (rPois)
You cover ground very slowly.
You can spit poison.
You have a snake-like lower body.


Message History

Press: ? - help, Shift-Dir - straight line, f - rat
Aim: a rat (asleep, 100% to hit)
The splash of poison hits the rat!
You kill the rat!
You have got your breath back.
You open the door.
There is an open door here.
A ball python comes into view.
The ball python hisses angrily.
Aiming: Spit Poison (2% risk of failure)
Press: ? - help, Shift-Dir - straight line, f - ball python
Aim: a ball python (54% to hit)
The splash of poison hits the ball python.
The ball python is poisoned.
You kill the ball python!
You have got your breath back.
Found a hunting sling.
You open the door.
You see here 24 arrows.
You open the door.
There is an open door here.
A rat comes into view.
Aiming: Spit Poison (2% risk of failure)
Press: ? - help, Shift-Dir - straight line, f - rat
Aim: a rat (asleep, 100% to hit)
The splash of poison hits the rat!
You kill the rat!
You have got your breath back.
c - a scroll labelled ROMOTT XISTRE
There is an open door here.
You open the door.
There is an open door here.
You see here a +0 mace.
There is an open door here.
There is a stone staircase leading down here.
There is an open door here.
Really slither into a travel-excluded area?
You are engulfed in blazing flames.
Ouch! That really hurt!
You die...

.# ##'###
#.#.#.###.# .# #...#
#.....# #.# .# #.#.#
#.#.#####.# .#####
##...# ###.......#
.....# #§.☼#
#.####### .##.##
#○☼§# #.# .##)#
#○☼☼# #.#
###.######...#####.#
......☼☼§......§@..#
####..§○..!...§§☼..#
# ##.○.....(.§.☼.##
##########...######
.....# #§§§# .....#
#§°§# #....# #☼°☼#
.....#####...# ###
.....#..#.#.#####
##.##


There were no monsters in sight!

Vanquished Creatures
  A dart slug (D:1)
  2 bats (D:1)
  A giant cockroach (D:1)
  2 goblins (D:1)
  2 hobgoblins (D:1)
  A ball python (D:1)
  2 frilled lizards (D:1)
  2 rats (D:1)
13 creatures vanquished.

Vanquished Creatures (others)
  4 foxfires (D:1)
4 creatures vanquished.

Grand Total: 17 creatures vanquished

Notes
Turn   | Place    | Note
-------+----------+-------------------------------------------
     0 | D:1      | Ethylacetat the Naga Fire Elementalist began the quest for
                  | the Orb.
     0 | D:1      | Reached XP level 1. HP: 15/15 MP: 3/3
   457 | D:1      | Reached XP level 2. HP: 22/22 MP: 5/5
   636 | D:1      | Found Bemesivu's General Store.
   996 | D:1      | Engulfed by a cloud of flame

Illustrated notes

Levels and vault maps discovered:
D:1:      minmay_arrival_doors, layout_loops_corners, serial_shops,
          nicolae_shop_crystal, lemuel_flame_loot_1

Action                   || total
-------------------------++-------
Melee: Unarmed           ||     2
 Cast: Foxfire           ||     2
 Abil: Spit Poison       ||    13
Dodge: Dodged            ||     2
